Map: Terrasses de Prion

Players

Paul - Winner!

  • Race: Zerg Zerg

Worming

  • Race: Zerg Zerg
  • League: Platinum

VOD

Have the link to the VOD?

Description

Time

  • Played on: Nov. 11, 2015, 9:40 a.m.
  • Length: 5:33
Show
View Real Time Build Order
Export as new Build Order

Paul Zerg - Winner!

Build Orders: Pool First 

Get SALT Encoding   

  12  0:01  Drone  
  13  0:12  Overlord  
  13  0:19  Drone  
  14  0:30  Drone  
  14  0:31  Drone  
  16  0:37  Drone  
  17  0:44  Spawning Pool  
  17  0:49  Drone  
  17  1:10  Hatchery  
  16  1:13  Drone  
  16  1:16  Extractor  
  16  1:20  Overlord  
  16  1:31  Queen  
  18  1:34  Zergling x2  
  18  1:38  Drone  
  20  1:46  Drone  
  21  2:00  Drone  
  22  2:06  Queen  
  24  2:15  Overlord  
  24  2:19  Metabolic Boost  
  24  2:24  Drone x3  
  27  2:33  Zergling x4  
  29  2:45  Baneling Nest  
  29  2:48  Drone x3  
  31  2:54  Drone x2  
  33  2:58  Overlord  
  33  3:08  Spine Crawler  
  32  3:23  Drone x4  
  36  3:30  Zergling x8  
  41  3:39  Zergling x4  
  43  3:46  Zergling x2  
  44  3:49  Baneling  
  44  3:50  Baneling x5  
  44  3:51  Baneling, Zergling x4  
  44  3:52  Zergling x4  
  48  3:57  Zergling x6  
  51  4:07  Queen  
  46  4:23  Zergling x6  
  46  4:24  Zergling x4  
  51  4:30  Overlord x2  
  51  4:35  Evolution Chamber  
  50  4:42  Overlord  
  50  4:44  Zergling x2  
  47  4:56  Zergling x10  
  47  5:02  Baneling x3  
  47  5:03  Baneling x4  
  47  5:05  Zergling x4  
  49  5:10  Zergling x2  
  49  5:11  Zergling x4  
Show
View Real Time Build Order
Export as new Build Order

Worming Zerg 

Build Orders: Hatch First 

Get SALT Encoding   

  12  0:01  Drone  
  13  0:09  Drone  
  14  0:17  Overlord  
  14  0:29  Extractor  
  14  0:30  Drone x2, Extractor  
  16  0:36  Drone  
  17  0:55  Hatchery  
  17  0:56  Drone  
  17  1:01  Extractor  
  17  1:04  Drone  
  17  1:06  Drone  
  18  1:16  Drone  
  19  1:23  Spawning Pool  
  18  1:30  Drone  
  19  1:40  Drone  
  20  1:50  Overlord  
  20  2:10  Queen  
  20  2:11  Zergling x6  
  20  2:12  Queen  
  20  2:13  Metabolic Boost  
  27  2:21  Drone x2  
  29  2:39  Drone x2  
  29  2:40  Drone  
  29  2:43  Overlord  
  32  3:02  Drone x3  
  35  3:07  Hatchery  
  33  3:23  Zergling x4  
  33  3:24  Zergling x14  
  42  3:49  Drone x2  
  42  3:50  Overlord x2  
  44  3:57  Lair  
  44  4:07  Queen  
  40  4:15  Zergling x14  
  44  4:20  Baneling Nest  
  44  4:23  Roach Warren  
  40  4:26  Zergling x8  
  40  4:31  Zergling x4, Spine Crawler  
  34  4:59  Drone x12  
  38  5:03  Roach  
Tags
 
Add a new tag
Caveats
  • Supply blocks, unpowered buildings, or Contaminate may cause inaccurate times.
  • Supply counts are checked every 10 seconds.